Description

This is based off of game 10 of PiG's B2GM guide.

VOD

https://youtu.be/r2l2IUjJgoE?t=7853

Replay - PvT Mass Zealot Example

Build Order

Get SALT Encoding   

  6  0:00  Probe  
  13  0:12  Probe  
  14  0:17  Pylon  
  14  0:24  Probe (Chrono Boost)  
  15  0:36  Probe (Chrono Boost), Gateway  
  16  0:44  Probe (Chrono Boost)  
  16  0:45  Assimilator  
  17  0:51  Probe  
  18  1:03  Probe  
  19  1:15  Probe  
  20  1:22  Nexus  
  20  1:32  Cybernetics Core  
  20  1:35  Probe  
  20  1:39  Assimilator  
  21  1:47  Probe  
  21  1:49  Pylon  
  23  2:05  Adept (Chrono Boost)  
  25  2:09  Warp Gate  
  26  2:19  Twilight Council  
  26  2:29  Stalker  
  34  2:54  Blink (Chrono Boost)  
  34  3:02  Gateway  
  38  3:15  Gateway  
  38  3:23  Forge  
  40  3:32  Stalker  
  42  3:36  Pylon  
  46  3:56  Protoss Ground Weapons Level 1 (Chrono Boost)  
  47  4:04  Nexus  
  47  4:05  Pylon  
  48  4:15  Pylon  
  48  4:16  Stalker x2  
  54  4:28  Stalker  
  57  4:35  Shield Battery x2  At natural, At 3rd
  59  4:45  Charge (Chrono Boost)  
  59  4:48  Stalker  
  63  4:59  Stalker  
  67  5:09  Stalker  
  70  5:21  Photon Cannon x2  In main, safety against banshees/widow mines, At natural
  71  5:25  Gateway  
  74  5:38  Gateway x2  
  77  5:43  Gateway x2  
  78  5:54  Robotics Facility  Warp prism, then observers
  83  6:07  Nexus  
  83  6:17  Gateway x2  
Spawning Tool Build Advisor. Get it on Overwolf

Analysis

This is a low (2) gas build that focuses on mass zealot production. We start with 8 blink stalkers to keep outside the terran natural as a sort of contain, and to see if they're moving out. You can also get a sentry with these if you want to have additional (more than 0) scouting information.

By 6:30 you have a 4th base and your 12th gateway on the way, after which you can try to surround the terran 3rd as long as it's not perfectly defended. It's very important for all the zealots to attack at once, otherwise you miss out on a lot of damage output.

Go to:

Details

  • Created by: flashandfoul
  • Published on: Oct 26, 2022
  • Modified on: Oct 26, 2022
  • Patch: 4.11.0
  • Difficulty: Medium
Show
View Real Time Build Order
Export as new Build Order

Comments (0)

There are no comments. Be the first!

Create an account to comment!